 Dungeon Crawl Stone Soup version 0.32-a0-576-g706899e69d (webtiles) character file.

Game seed: 16110128946596346919

219 CougarLife the Digger (level 5, 2/28 HPs)
             Began as a Gargoyle Earth Elementalist on Mar 1, 2024.
             Quit the game on level 6 of the Dungeon.
             The game lasted 00:03:25 (3810 turns).

CougarLife the Digger (Gargoyle Earth Elementalist) Turns: 3810, Time: 00:03:25

Health: 2/28       AC:  3    Str: 11    XL:     5   Next: 96%
Magic:  19/19      EV: 11    Int: 18    God:
Gold:   155        SH:  0    Dex: 10    Spells: 10/11 levels left

rFire   . . .        (no weapon)
rCold   . . .        (no shield)
rNeg    + . .        a - +0 robe
rPois   ∞            (no helmet)
rElec   +            (no cloak)
rCorr   .            e - +0 pair of gloves
SInv    .            (no boots)
Will    .....        (no amulet)
Stlth   ++           o - ring of magical power
HPRegen 0.24/turn    (no ring)
MPRegen 0.16/turn

%: no passive effects
@: marked, corroded
A: sickness immunity, AC +4, negative energy resistance 1, electricity
resistance, torment resistance 1, petrification resistance
a: Convert to Beogh


You were on level 6 of the Dungeon.
You visited 1 branch of the dungeon, and saw 6 of its levels.

You collected 155 gold pieces.

Inventory:

Missiles
 s - a throwing net
Armour
 a - a +0 robe (worn)
 e - a +0 pair of gloves (worn)
Jewellery
 o - a ring of magical power (left hand)
Scrolls
 d - 7 scrolls of identify {unknown}
 f - 4 scrolls of enchant weapon {unknown}
 h - a scroll of blinking {unknown}
 i - a scroll of fog {unknown}
 j - a scroll of poison {unknown}
 k - 3 scrolls of teleportation {unknown}
 m - 2 scrolls of fear {unknown}
 r - a scroll of amnesia {unknown}
Potions
 b - a potion of magic
 c - a potion of enlightenment {unknown}
 g - 2 potions of attraction {unknown}
 l - 2 potions of cancellation {unknown}
 n - 3 potions of curing {unknown}
 q - a potion of heal wounds {unknown}
 t - a potion of ambrosia {unknown}


   Skills:
 - Level 1.5 Dodging
 - Level 2.1 Stealth
 + Level 3.6 Spellcasting
 + Level 3.5 Conjurations
 + Level 5.3 Earth Magic


You had 10 spell levels left.
You knew the following spells:

 Your Spells              Type           Power      Damage    Failure   Level
a - Sandblast             Erth           44%        2d11      1%          1

Your spell library contained the following spells:

 Spells                   Type           Power      Damage    Failure   Level
 Passwall                 Erth           22%        N/A       5%          3
 Stone Arrow              Conj/Erth      38%        3d9       8%          3
 Brom's Barrelling Bould  Conj/Erth      19%        2d4       24%         4
 Petrify                  Alch/Erth      12%        N/A       45%         4


Dungeon Overview and Level Annotations

Branches:
Dungeon (6/15)
 Temple: D:4-7

Altars:
Ashenzari
Fedhas
Sif Muna
Uskayaw

Shops:
D:4 (

Annotations:
D:5 Edmund


Innate Abilities, Weirdness & Mutations

You are immune to sickness and miasma.
Your stone body is resilient. (AC +4)
You are immune to poison.
You resist negative energy. (rN+)
You are resistant to electric shocks. (rElec)
You are resistant to unholy torment.
You are immune to petrification.


Message History

The sleepcap releases spores at you but does no damage.
Reactivating autopickup.
A sky beast appears from thin air!
The sleepcap releases spores at you.
Found a stone staircase leading down.
The jelly attacks as it pursues you! The jelly hits you. The acid corrodes you!
You are splashed with acid!
The sleepcap attacks as it pursues you!
The sleepcap releases spores at you but does no damage.
Edmund asks, "Have you met my wondrous brother?"
The sleepcap attacks as it pursues you! The sleepcap barely misses you.
The jelly attacks as it pursues you! The jelly misses you.
The sleepcap releases spores at you. The jelly attacks as it pursues you!
The jelly closely misses you. The sleepcap attacks as it pursues you!
The sleepcap closely misses you. The jelly completely misses you.
The sleepcap releases spores at you but does no damage.
The jelly attacks as it pursues you! The jelly barely misses you.
There is a stone staircase leading down here.
The sky beast flickers out of sight!
Deactivating autopickup; reactivate with Ctrl-A.
The jelly hits you.
You are splashed with acid!
* * * LOW HITPOINT WARNING * * *
The sleepcap releases spores at you.
* * * LOW HITPOINT WARNING * * *
You climb downwards.
Reactivating autopickup.
A malevolent force fills the Dungeon...
With a horrendous wail, an alarm goes off!
A sentinel's mark forms upon you.
The orc shouts!
The white imp shouts, "Back with thee, thou clouted hasty-witted hugger-mugger!"
The orc priest shouts!
The orc shouts! x2; You hear an angry growl.
You hear a howl!
You hear a shout! x3; You hear a bark!
You hear a howl!
You hear a shout! x5; You hear an angry hiss.
The orc priest threatens, "Beogh's wrath is as vast as their mercy.
Make your choice!" (press Y on the ability menu to convert to Beogh)
Found eight items.
There is a stone staircase leading up here.
Unknown command.
Unknown command.
Are you sure you want to abandon this character and quit the game? (Confirm with "yes".)

...........####
).......?......
...............
...........%...
...............
.....(..?....#
......f......##
......J@......#
..........5....
......o........
......o......##
.......o.o.^.#
?.......?....#
............##
#........o..#


You could see a sleepcap, a jelly, an orc priest, a white imp and 4 orcs.

Vanquished Creatures
  A scorpion (D:4)
  A hound (D:4)
  An orc wizard (D:5)
  4 adders
  A ribbon worm (D:5)
  A dart slug (D:1)
  5 orcs
  4 ball pythons
  5 endoplasms
  2 giant cockroaches (D:1)
  7 goblins
  5 hobgoblins
  A jackal (D:2)
  4 kobolds
  A quokka (D:1)
  3 training dummies (D:4)
  4 bats
  3 frilled lizards
  4 rats
57 creatures vanquished.

Notes
Turn   | Place    | Note
-------+----------+-------------------------------------------
     0 | D:1      | CougarLife the Gargoyle Earth Elementalist began the quest
                  | for the Orb.
     0 | D:1      | Reached XP level 1. HP: 10/10 MP: 3/3
   230 | D:1      | Reached XP level 2. HP: 15/15 MP: 3/5
   580 | D:1      | Reached skill level 4 in Earth Magic
  1109 | D:2      | Reached XP level 3. HP: 19/19 MP: 4/6
  1905 | D:3      | Reached XP level 4. HP: 24/24 MP: 5/8
  2187 | D:3      | Found a broken altar of Ashenzari.
  2621 | D:3      | Found a shimmering blue altar of Sif Muna.
  2625 | D:3      | Found a blossoming altar of Fedhas.
  2630 | D:3      | Found a hide-covered altar of Uskayaw.
  2897 | D:4      | Found Odwobb's Firing Range.
  3079 | D:4      | Reached XP level 5. HP: 18/28 MP: 4/9
  3359 | D:4      | Reached skill level 5 in Earth Magic
  3693 | D:5      | Entered Level 5 of the Dungeon
  3707 | D:5      | Noticed Edmund
  3709 | D:5      | Noticed a lemure
  3764 | D:5      | Noticed a sky beast
  3810 | D:6      | Quit the game

Illustrated notes

Levels and vault maps discovered:
D:1:      spicycebolla_arrival_ecumenical, layout_loops_ring
D:2:      minmay_alternating_diamond, layout_basic
D:3:      layout_loops_cross, grunt_temple_overflow_diamond,
          mainiacjoe_overflow_small_starburst, minivault_19
D:4:      layout_cave_pods, minmay_misc_feat_more_columns,
          nicolae_shop_firing_range
D:5:      gammafunk_steamed_eel, layout_basic, serial_rivers,
          chequers_serial_rivers_room_a, chequers_serial_rivers_micro_e,
          chequers_serial_rivers_micro_e, chequers_serial_rivers_small_b,
          nicolae_tricolors, uniq_blork_the_orc, uniq_pikel, uniq_edmund
D:6:      layout_cave_pods

Skill      XL: |  1  2  3  4  5 |
---------------+----------------+-----
Earth Magic    | 4 5 |  5.3
Conjurations   | 2 3 |  3.5
Spellcasting   | 3 |  3.6
Dodging        | |  1.5
Stealth        | |  2.1

Action                     |  1- 3 |  4- 6 || total
---------------------------+-------+-------++-------
  Melee: Unarmed           |     2 |    18 ||    20
         Punch             |     1 |       ||     1
   Cast: Sandblast         |    33 |    50 ||    83
 Armour: Robe              |     7 |    36 ||    43
  Dodge: Dodged            |     4 |    47 ||    51

Table legend: (Time is in decaauts)
 A = Elapsed time spent in this place.
 B = Non-inter-level travel time spent in this place.
 C = Inter-level travel time spent in this place.
 D = Time resting spent in this place.
 E = Time spent auto-exploring this place.
 F = Levels seen in this place.
 G = Mean time per level.
                   A        B        C        D        E       F      G
               +--------+--------+--------+--------+--------+-----+--------+
         Total |   3849 |   3783 |     66 |    147 |   3145 |   6 |  641.5 |
       Dungeon |   3849 |   3783 |     66 |    147 |   3145 |   6 |  641.5 |
               +--------+--------+--------+--------+--------+-----+--------+

Top non-repeatable levels by time:
     D:2: 1035 daAuts
     D:4: 964 daAuts
     D:3: 872 daAuts
     D:1: 854 daAuts
     D:5: 122 daAuts
     D:6: 0 daAuts
